 Dungeon Crawl Stone Soup version 0.28.0-53-g5a82cb258f (webtiles) character file.

Game seed: 5305743425345011002

58 Qrupt the Skirmisher (level 3, -4/31 HPs)
             Began as a Palentonga Fighter on July 30, 2022.
             Slain by Terence
             ... wielding a +0 mace
              (9 damage)
             ... on level 2 of the Dungeon.
             The game lasted 00:01:59 (1522 turns).

Qrupt the Skirmisher (Palentonga Fighter)           Turns: 1522, Time: 00:01:59

Health: -4/31      AC:  9    Str: 21    XL:     3   Next: 75%
Magic:  3/3        EV:  7    Int:  8    God:
Gold:   142        SH:  4    Dex:  9    Spells: 2/2 levels left

rFire   . . .      SeeInvis +   a - +0 long sword
rCold   . . .      Faith    .   c - +0 buckler
rNeg    . . .      Spirit   .   b - +0 scale mail
rPois   .          Reflect  .   f - +2 helmet
rElec   .          Harm     .   (no cloak)
rCorr   .          Rampage  .   (no gloves)
Will    .....                   (no barding)
Stlth   ..........              (no amulet)
HPRegen 0.10/turn               (no ring)
MPRegen 0.08/turn               (no ring)

@: mighty
A: large, rugged brown scales 3, see invisible, deformed body, roll 1, armoured
tail
a: Rolling Charge


You were on level 2 of the Dungeon.
You visited 1 branch of the dungeon, and saw 2 of its levels.

You collected 142 gold pieces.

Inventory:

Hand Weapons
 a - a +0 long sword (weapon)
Armour
 b - a +0 scale mail (worn)
 c - a +0 buckler (worn)
 f - a +2 helmet (worn)
Scrolls
 e - a scroll of magic mapping {unknown}
 h - 2 scrolls of identify {unknown}
Potions
 d - a potion of might
 g - 2 potions of heal wounds {unknown}
 i - a potion of curing {unknown}
 j - a potion of ambrosia {unknown}


   Skills:
 + Level 3.4 Fighting
 + Level 2.7 Long Blades
 + Level 2.8 Armour
 + Level 0.7 Dodging
 + Level 2.6 Shields


You had 2 spell levels left.
You didn't know any spells.
Your spell library contained the following spells:

 Spells                   Type           Power      Damage    Failure   Level
 Sandblast                Erth           0%         2d4       83%         1
 Ensorcelled Hibernation  Hex/Ice        0%         N/A       92%         2
 Passwall                 Tmut/Erth      0%         N/A       92%         2
 Spider Form              Tmut/Pois      0%         N/A       99%         3
 Stone Arrow              Conj/Erth      0%         3d7       99%         3
 Anguish                  Hex/Necr       0%         N/A       100%        4


Dungeon Overview and Level Annotations

Branches:
Dungeon (2/15)

Altars:

Shops:
D:1 =

Annotations:
D:2 Terence


Innate Abilities, Weirdness & Mutations

You are completely covered in rugged brown scales. (AC +3, +7% HP)
You have supernaturally acute eyesight. (SInv)
Armour fits poorly on your strangely shaped body.
You can roll at nearby foes to attack.
You have a long armoured tail.


Message History

No target in view!
You now have 142 gold pieces (gained 8).
Found a stone staircase leading up.
Found 28 stones.
You see here 28 stones.
You see here 2 javelins.
There is a stone staircase leading up here.
There is a stone staircase leading down here.
Terence the Incautious comes into view.
He is wielding a +0 mace.
Found 5 poisoned darts.
Terence shouts!
Terence is nearby!
Terence is nearby!
You barely miss Terence.
Your tail-slap misses Terence.
Terence closely misses you. Terence hits you with a +0 mace.
You hit Terence but do no damage. Terence barely misses you.
You hit Terence but do no damage. You block Terence's attack.
You barely miss Terence. Terence hits you with a +0 mace. x2
You closely miss Terence. Terence hits you but does no damage.
You hit Terence but do no damage. Terence hits you with a +0 mace.
You barely miss Terence. Terence hits you but does no damage.
You barely miss Terence. Terence closely misses you.
Terence hits you with a +0 mace.
You feel very mighty all of a sudden. Terence barely misses you.
You hit Terence.
Terence is lightly wounded.
Terence hits you with a +0 mace.
You barely miss Terence. You tail-slap Terence.
Terence is lightly wounded.
Terence hits you with a +0 mace!
* * * LOW HITPOINT WARNING * * *
There is a stone staircase leading down here.
You slash Terence!
Terence is heavily wounded.
Terence completely misses you.
You hit Terence.
Your tail-slap misses Terence.
Terence is almost dead.
Terence hits you with a +0 mace!
You die...

#.##....# #####.########
# ##.#.###(#
#.###########.# ....##
#.#########.##..........#
###.#
#...........##.#####.####
....# #.########.....#
#.##### <...# ##.#
#.###.# #.....# ###.#
#..# #.# #.# #.###.#
....# #(## ######.# #.#
#.###.# .##.###.##
#....@.# #.. ....#.#
.##.##...###.####@# ###
.#.#.#.# .......#...<.#
#.# #.#.#.#.#
.#..##...###.# #.# #
#.#.#.# #..###.## #.#
#.......( #.#.#.# #..#
#.# #.# #####.#####.#.#.#
#..# #.# #.#
#...........# #..# #.#
#># #######.##### #..#
#.# ##.# #.......#


You could see Terence.

Vanquished Creatures
  2 adders (D:2)
  A worm (D:2)
  A dart slug (D:2)
  4 bats (D:1)
  2 endoplasms (D:1)
  A giant cockroach (D:2)
  4 goblins (D:1)
  3 hobgoblins
  5 kobolds
  2 quokkas (D:1)
  4 ball pythons
  3 frilled lizards (D:1)
  3 rats (D:1)
35 creatures vanquished.

Notes
Turn   | Place    | Note
-------+----------+-------------------------------------------
     0 | D:1      | Qrupt the Palentonga Fighter began the quest for the Orb.
     0 | D:1      | Reached XP level 1. HP: 19/19 MP: 1/1
   346 | D:1      | Reached XP level 2. HP: 24/25 MP: 2/2
   433 | D:1      | Found Bonuec's Jewellery Shop.
   821 | D:1      | Found a faded altar of an unknown god.
  1168 | D:2      | Reached XP level 3. HP: 31/31 MP: 3/3
  1506 | D:2      | Noticed Terence
  1522 | D:2      | Slain by Terence

Illustrated notes

Levels and vault maps discovered:
D:1:      saegor_arrival_under_anarchy, layout_basic, serial_shops, shop_coins,
          shapermc_ecumenical_altar_mp_highgroup
D:2:      layout_loops_ring, kennysheep_generic_room_14, uniq_terence,
          uniq_crazy_yiuf_cottage

Action                   || total
-------------------------++-------
Melee: Long sword        ||   122
       Tailslap          ||     7
  Use: Potion            ||     1
Armor: Scale mail        ||    84
Dodge: Dodged            ||    41
Block: Buckler           ||    22
